 Dungeon Crawl Stone Soup version 0.27-a0-1189-gb8eb6cee8e (webtiles) character file.

Game seed: 8144404205274693826

113598 bande the Severer (level 16, -3/100 HPs)
             Began as a Gargoyle Fighter on May 23, 2021.
             Was the Champion of Okawaru.
             Slain by Rupert
             ... wielding a +3 battleaxe of flaming
              (6 damage)
             ... on level 15 of the Dungeon.
             The game lasted 01:19:39 (31620 turns).

bande the Severer (Gargoyle Fighter)               Turns: 31620, Time: 01:19:39

Health: -3/100     AC: 43    Str: 24    XL:     16   Next: 63%
Magic:  25/25      EV: 10    Int: 11    God:    Okawaru [******]
Gold:   1895       SH: 19    Dex: 10    Spells: 15/15 levels left

rFire    + . .     SeeInvis .   A - +0 broad axe (spect)
rCold    + + +     Faith    .   c - +1 kite shield
rNeg     + + .     Spirit   .   R - +0 pearl dragon scales of the Lion {rN+ Slay+3 Stlth+}
rPois    ∞         Reflect  +   H - +2 hat
rElec    +         Harm     .   k - +0 cloak
rCorr    .         Rampage  .   y - +0 pair of gloves
Will     +....                  f - +1 pair of boots
Stlth    +.........             J - amulet of reflection
HPRegen  0.26/turn              Q - ring "Nocsitau" {rF+ rC++ Slay+4}
MPRegen  0.19/turn              F - ring of the Tortoise {AC+8}

@: flying
A: sickness immunity, AC +12, big wings, negative energy resistance 1,
electricity resistance, torment resistance 1, petrification resistance,
iridescent scales 1, cold resistance 1
a: Renounce Religion, Heroism, Finesse


You were on level 15 of the Dungeon.
You worshipped Okawaru.
Okawaru was exalted by your worship.
You visited 4 branches of the dungeon, and saw 24 of its levels.
You also visited: Gauntlet and Ice Cave.

You collected 3465 gold pieces.
You spent 1570 gold pieces at shops.

Inventory:

Hand Weapons
 A - a +0 spectral broad axe (weapon)
 O - a +0 broad axe of holy wrath
 V - a +2 scimitar of flaming
Missiles
 n - 5 atropa-tipped darts
 q - 9 curare-tipped darts
 v - 3 throwing nets (quivered)
 E - 6 boomerangs of dispersal
Armour
 c - a +1 kite shield (worn)
 f - a +1 pair of boots (worn)
 k - a +0 cloak (worn)
 y - a +0 pair of gloves (worn)
 C - a +4 scale mail of fire resistance
 H - a +2 hat (worn)
 R - the +0 pearl dragon scales of the Lion (worn) {rN+ Slay+3 Stlth+}
   (You found it in an ice cave)

   It affects your accuracy and damage with ranged weapons and melee attacks
   (+3).
   It protects you from negative energy.
   It makes you more stealthy.
Jewellery
 g - a +4 ring of slaying
 j - a ring of positive energy
 m - a ring of positive energy
 p - an amulet of regeneration
 r - a ring of ice
 B - a ring of protection from fire
 D - an amulet of the acrobat
 F - the ring of the Tortoise (right hand) {AC+8}
   (You bought it in a shop on level 2 of the Orcish Mines)

   [ring of protection]

   It affects your AC (+8).
 G - a ring of protection from cold
 J - an amulet of reflection (around neck)
 P - a ring of protection from cold
 Q - the ring "Nocsitau" (left hand) {rF+ rC++ Slay+4}
   (You found it in an ice cave)

   [ring of slaying]

   It affects your accuracy and damage with ranged weapons and melee attacks
   (+4).
   It protects you from fire.
   It greatly protects you from cold.
Wands
 t - a wand of polymorph (18)
 w - a wand of flame (93)
 z - a wand of acid (4)
 L - a wand of iceblast (36)
 S - a wand of digging (10)
 X - a wand of paralysis (11)
Scrolls
 a - a scroll of fear
 b - 7 scrolls of teleportation
 e - 2 scrolls of magic mapping
 o - 14 scrolls of identify
 s - 10 scrolls of amnesia
 u - 3 scrolls of enchant armour
 x - 3 scrolls of enchant weapon
 I - 4 scrolls of fog
 M - a scroll of silence {unknown}
 W - a scroll of holy word
 Y - a scroll of summoning
Potions
 d - 3 potions of might
 i - 2 potions of resistance
 l - 6 potions of brilliance
 K - a potion of cancellation {unknown}
 N - a potion of magic
 T - 3 potions of haste
 U - a potion of curing
Miscellaneous
 h - a box of beasts
 Z - a condenser vane


   Skills:
 + Level 11.3 Fighting
 + Level 15.2 Axes
 - Level 2.5(11.3) Maces & Flails
 + Level 9.9 Armour
 - Level 1.4 Dodging
 - Level 0.7 Stealth
 + Level 13.4 Shields
 * Level 12.4 Invocations
 * Level 10.6 Evocations


You had 15 spell levels left.
You didn't know any spells.
Your spell library contained the following spells:

 Spells                   Type           Power      Damage    Failure   Level
 Apportation              Tloc           0%         N/A       71%         1
 Beastly Appendage        Tmut           0%         N/A       71%         1
 Corona                   Hex            0%         N/A       71%         1
 Magic Dart               Conj           0%         1d3       71%         1
 Blink                    Tloc           N/A        N/A       85%         2
 Call Imp                 Summ           0%         N/A       85%         2
 Ensorcelled Hibernation  Hex/Ice        0%         N/A       85%         2
 Slow                     Hex            0%         N/A       85%         2
 Static Discharge         Conj/Air       0%         N/A       85%         2
 Wereblood                Tmut           0%         N/A       85%         2
 Confusing Touch          Hex            0%         N/A       97%         3
 Conjure Flame            Conj/Fire      0%         6-21      97%         3
 Dazzling Flash           Conj/Hex       0%         N/A       97%         3
 Ignite Poison            Fire/Tmut/Pois 0%         N/A       97%         3
 Lesser Beckoning         Tloc           0%         N/A       97%         3
 Mephitic Cloud           Conj/Pois/Air  0%         N/A       97%         3
 Spider Form              Tmut/Pois      0%         N/A       97%         3
 Tukima's Dance           Hex            0%         N/A       97%         3
 Ice Form                 Ice/Tmut       0%         N/A       100%        4
 Alistair's Intoxication  Tmut/Pois      0%         N/A       100%        5
 Bolt of Magma            Conj/Fire/Erth 0%         4d4       100%        5
 Fireball                 Conj/Fire      0%         3d3       100%        5
 Hydra Form               Tmut           0%         N/A       100%        5
 Iskenderun's Battlesphe  Conj           0%         2d6       100%        5
 Lightning Bolt           Conj/Air       0%         1d11      100%        5
 Invisibility             Hex            0%         N/A       100%        6
 Iron Shot                Conj/Erth      0%         9d1       100%        6
 Starburst                Conj/Fire      0%         8x6d3     100%        6
 Orb of Destruction       Conj           0%         N/A       100%        7
 Spellforged Servitor     Conj/Summ      0%         N/A       100%        7
 Ignition                 Fire           0%         3d3       100%        8
 Shatter                  Erth           0%         3d5*      100%        9
 Tornado                  Air            0%         N/A       100%        9


Dungeon Overview and Level Annotations

Branches:
Dungeon (15/15)            Temple (1/1) D:7            Lair (6/6) D:10
  Swamp (0/4) Lair:2       Spider (0/4) Lair:2          Orc (2/2) D:10
    Elf (0/3) Orc:2        Vaults (0/5) D:13          IceCv (visited)
Gauntlet (visited)
  Slime: Lair:5-6    Depths: D:15

Altars:
Ashenzari
Cheibriados
Dithmenos
Elyvilon
Fedhas
Gozag
Hepliaklqana
Kikubaaqudgha
Makhleb
Nemelex Xobeh
Okawaru
Qazlal
Ru
Sif Muna
Trog
Uskayaw
Vehumet
Wu Jian
Xom
Yredelemnul
Zin
The Shining One
Beogh

Shops:
D:5 !   D:11 ?   D:15 :   Orc:2 :(==

Annotations:
D:6 2 transporters, shoop's ghost, weakling DsDe
D:15 Rupert
Lair:5 exclusion: oklob plant
Lair:6 exclusion: oklob plant


Innate Abilities, Weirdness & Mutations

You are immune to sickness and miasma.
Your stone body is resilient. (AC +12)
You are immune to poison.
Your large and strong wings let you fly.
You resist negative energy. (rN+)
You are resistant to electric shocks. (rElec)
You are resistant to unholy torment.
You are immune to petrification.
You are partially covered in iridescent scales. (AC +2)
Your flesh is cold resistant. (rC+)


Message History

The orc knight is almost dead.
Your spectral weapon hits the orc knight!!
You kill the orc knight!
Okawaru accepts your kill.
The orc warrior barely misses your spectral weapon.
Unknown command.
You swap places.
You block the orc warrior's attack. You block the manticore's attack.
The manticore barely misses you. You block the manticore's attack.
Things that are here:
a +0 war axe; a +0 chain mail; an orc corpse You hit the manticore but do no damage.
You closely miss the orc warrior. You barely miss Rupert.
You block Rupert's attack. You block the orc warrior's attack.
The manticore bites you but does no damage.
The manticore claws you but does no damage. x2
You closely miss the manticore. You slash the orc warrior!
You completely miss Rupert.
Rupert hits you with a +3 battleaxe of flaming!
Rupert burns you. You block the orc warrior's attack.
You block Rupert's attack.
The manticore bites you but does no damage.
You block the manticore's attack. x2
You barely miss the manticore. You completely miss the orc warrior.
You slash Rupert!
Rupert hits you with a +3 battleaxe of flaming!!
Rupert burns you. You block the orc warrior's attack.
You completely miss the manticore. You completely miss the orc warrior.
You slash Rupert! You block the manticore's attack.
The manticore claws you but does no damage.
You block the manticore's attack.
Rupert hits you with a +3 battleaxe of flaming!!
* * * LOW HITPOINT WARNING * * *
Rupert burns you.
* * * LOW HITPOINT WARNING * * *
You hit the manticore.
The manticore is lightly wounded.
You completely miss the orc sorcerer. You hit Rupert.
Rupert hits you with a +3 battleaxe of flaming.
You die...

#..# #..#
#......... #..#..#
#.........
#..#..###
#.........
#..#.... ...
#......... #..#...
...##.........
##..#..#
#..##.........
....#..#
#..##.Hoo.....
##..#..# #..##)@#
#.....# #..##.@#
#.....# #..##..#
#..##.# #.§.(..#
#..##.# #......#
#..##.####......#
##..##......###..#
....##......# #..#
........###.#
#....


You could see Rupert (berserk), a manticore, an orc sorcerer (strong) and an orc
warrior (strong).

Vanquished Creatures
  Frances (D:12)
  Kirke (Lair:4)
  An orc warlord (Orc:1)
  Nessos (Lair:4)
  A minotaur (Gauntlet)
  A white draconian (IceCv)
  A green death (Gauntlet)
  Josephine (D:13)
  A fire dragon (shapeshifter) (Gauntlet)
  A rakshasa (D:15)
  Fannar (D:10)
  9 hydras
  An ice dragon (Lair:4)
  A boulder beetle (D:12)
  3 catoblepae
  3 centaur warriors
  6 two-headed ogres
  11 death yaks
  3 tengu warriors
  A deep troll shaman (Lair:6)
  3 orc high priests (Orc:2)
  A deep elf knight (D:13)
  A fire crab (Lair:4)
  A fire crab (shapeshifter) (Gauntlet)
  10 skeletal warriors
  A deep troll (shapeshifter) (D:14)
  A wizard (D:13)
  8 orc knights
  A deep elf pyromancer (D:13)
  3 deep elf zephyrmancers (D:13)
  7 orc sorcerers
  8 ugly things
  A mana viper (shapeshifter) (D:14)
  A cyclops (D:15)
  A worldbinder (Gauntlet)
  A manticore (D:14)
  An ice statue (IceCv)
  2 large abominations (Gauntlet)
  Joseph (Lair:1)
  A molten gargoyle (Gauntlet)
  10 black mambas
  2 elephants (Lair:6)
  7 orange demons
  A torpor snail (Lair:3)
  2 gargoyles
  10 cane toads
  Maggie (D:6)
  8 komodo dragons
  An unseen horror (D:13)
  2 rime drakes (Lair:3)
  2 efreet
  A freezing wraith (D:14)
  4 red devils (D:10)
  A troll (shapeshifter) (Gauntlet)
  16 polar bears
  7 trolls
  18 slime creatures
  11 blink frogs
  2 shadows
  A vampire (D:11)
  6 wraiths
  48 yaks
  6 basilisks
  2 steam dragons
  A basilisk (shapeshifter) (D:14)
  7 hogs (Lair:4)
  4 wyverns
  4 small abominations (Gauntlet)
  6 wargs
  8 vampire mosquitoes
  4 acid dragons
  12 water moccasins
  An ice beast (D:7)
  23 orc warriors
  4 black bears
  2 necrophages (D:5)
  10 ogres
  36 wolves
  3 boggarts (Gauntlet)
  6 centaurs
  3 kobold brigands
  3 phantoms
  20 bullfrogs
  2 gnoll sergeants (D:9)
  4 scorpions
  A water moccasin skeleton (D:5)
  19 killer bees
  13 wights
  4 howler monkeys
  6 centaur zombies
  A crimson imp (D:11)
  2 jellies
  A bullfrog zombie (D:6)
  21 orc priests
  2 gnoll shamans (D:5)
  2 hounds
  5 centaur skeletons
  2 iguanas (D:5)
  21 orc wizards
  21 gnolls
  A howler monkey skeleton (D:6)
  2 adders
  3 white imps
  3 worms
  3 dart slugs
  91 orcs
  A ball python (D:1)
  7 endoplasms
  4 giant cockroaches
  8 goblins
  7 hobgoblins
  7 jackals
  4 bats
  19 kobolds
  6 rats
  A bush (D:9)
723 creatures vanquished.

Vanquished Creatures (others)
  An ogre mage (D:13)
  2 polar bears (Lair:4)
  An orc priest (Orc:2)
  2 orcs
  2 bushes
  4 demonic plants (Gauntlet)
  46 fungi
  61 plants
119 creatures vanquished.

Grand Total: 842 creatures vanquished

Notes
Turn   | Place    | Note
-------+----------+-------------------------------------------
     0 | D:1      | bande the Gargoyle Fighter began the quest for the Orb.
     0 | D:1      | Reached XP level 1. HP: 14/14 MP: 1/1
   677 | D:1      | Reached XP level 2. HP: 19/19 MP: 2/2
   840 | D:1      | Reached skill level 2 in Axes
  1489 | D:2      | Reached XP level 3. HP: 4/23 MP: 3/3
  2853 | D:2      | Reached XP level 4. HP: 29/29 MP: 4/4
  3228 | D:3      | Found a faded altar of an unknown god.
  3510 | D:3      | Reached skill level 3 in Axes
  3598 | D:4      | Noticed a scorpion
  3610 | D:4      | Killed a scorpion
  3611 | D:4      | Reached XP level 5. HP: 26/33 MP: 5/5
  3715 | D:4      | Noticed a phantom
  3752 | D:3      | Killed a phantom
  3753 | D:3      | Reached skill level 4 in Axes
  3753 | D:3      | Reached XP level 6. HP: 10/38 MP: 6/6
  4529 | D:4      | Noticed a black bear
  4536 | D:4      | Killed a black bear
  4612 | D:4      | Reached skill level 1 in Dodging
  4612 | D:4      | Reached XP level 7. HP: 40/44 MP: 7/7
  4791 | D:5      | Entered Level 5 of the Dungeon
  4837 | D:5      | Reached skill level 5 in Axes
  4852 | D:5      | Noticed a +0 short sword
  4852 | D:5      | Noticed a +0 short sword
  4853 | D:5      | Noticed a +0 spear
  4854 | D:5      | Noticed a +0 falchion
  4860 | D:5      | Noticed a +0 dagger
  4861 | D:5      | Noticed a +0 falchion
  4978 | D:5      | Noticed a +0 spear
  4980 | D:5      | Noticed a +0 dagger
  5063 | D:5      | Found Potwefe's Distillery.
  5079 | D:5      | Reached skill level 5 in Armour
  5109 | D:5      | Bought a potion of degeneration for 11 gold pieces
  5109 | D:5      | Bought a potion of might for 44 gold pieces
  5109 | D:5      | Bought a potion of heal wounds for 55 gold pieces
  5276 | D:5      | Found an iron altar of Okawaru.
  5279 | D:5      | Became a worshipper of Warmaster Okawaru
  5310 | D:5      | Found a hide-covered altar of Uskayaw.
  5480 | D:5      | Reached XP level 8. HP: 48/48 MP: 8/8
  5543 | D:5      | Reached skill level 6 in Axes
  5643 | D:5      | Found a snail-covered altar of Cheibriados.
  5960 | D:6      | Reached skill level 5 in Shields
  6001 | D:6      | Noticed Maggie
  6012 | D:6      | Killed Maggie
  6013 | D:6      | Reached skill level 5 in Fighting
  6013 | D:6      | Reached skill level 1 in Invocations
  6013 | D:6      | Reached skill level 1 in Evocations
  6281 | D:6      | Reached * piety under Okawaru
  6516 | D:7      | Reached XP level 9. HP: 54/54 MP: 10/10
  6543 | D:6      | Found a transporter.
  6546 | D:6      | Found a transporter.
  6554 | D:6      | Noticed shoop's ghost (weakling DsDe)
  6559 | D:6      | Noticed a queen bee
  6565 | D:6      | Noticed a hornet
  7151 | D:6      | Reached skill level 7 in Axes
  7378 | D:7      | Reached ** piety under Okawaru
  7410 | D:7      | Found a staircase to the Ecumenical Temple.
  7426 | Temple   | Entered the Ecumenical Temple
  8098 | D:7      | Found a basalt altar of Yredelemnul.
  8132 | D:7      | Reached skill level 8 in Axes
  8213 | D:7      | Found a white marble altar of Elyvilon.
  8576 | D:8      | Reached XP level 10. HP: 45/60 MP: 13/13
  8717 | D:8      | Reached *** piety under Okawaru
  9492 | D:9      | Found a burning altar of Makhleb.
  9493 | D:9      | Found a sacrificial altar of Ru.
  9496 | D:9      | Found a hazy altar of Hepliaklqana.
  9795 | D:9      | Reached **** piety under Okawaru
  9796 | D:9      | Reached skill level 5 in Invocations
 10043 | D:9      | Gained mutation: You are frail. (-10% HP) [potion of
                  | mutation]
 10044 | D:9      | Lost mutation: You are frail. (-10% HP) [potion of
                  | mutation]
 10044 | D:9      | Gained mutation: You have a pair of small horns on your
                  | head. [potion of mutation]
 10044 | D:9      | Gained mutation: Your spells are a little easier to cast,
                  | but a little less powerful. [potion of mutation]
 10044 | D:9      | Gained mutation: You are dopey. (Int -2) [potion of
                  | mutation]
 10045 | D:9      | Lost mutation: You are dopey. (Int -2) [potion of mutation]
 10045 | D:9      | Lost mutation: Your spells are a little easier to cast, but
                  | a little less powerful. [potion of mutation]
 10045 | D:9      | Lost mutation: You have a pair of small horns on your head.
                  | [potion of mutation]
 10045 | D:9      | Gained mutation: You are partially covered in iridescent
                  | scales. (AC +2) [potion of mutation]
 10045 | D:9      | Gained mutation: Your flesh is cold resistant. (rC+)
                  | [potion of mutation]
 10107 | D:9      | Reached skill level 9 in Axes
 10546 | D:10     | Entered Level 10 of the Dungeon
 10618 | D:10     | Found a staircase to the Orcish Mines.
 10782 | D:10     | Noticed an orc knight
 10808 | D:10     | Killed an orc knight
 11194 | D:10     | Noticed Fannar
 11200 | D:10     | Reached ***** piety under Okawaru
 11201 | D:10     | Reached XP level 11. HP: 62/67 MP: 15/15
 11216 | D:10     | Killed Fannar
 11217 | D:10     | Reached skill level 5 in Evocations
 11224 | D:10     | Reached skill level 10 in Axes
 11491 | D:10     | Noticed a two-headed ogre
 11498 | D:10     | Killed a two-headed ogre
 11641 | D:10     | Noticed a two-headed ogre
 11645 | D:10     | Killed a two-headed ogre
 12240 | D:10     | Found a staircase to the Lair.
 12560 | D:10     | Reached ****** piety under Okawaru
 12560 | D:10     | Received a gift from Okawaru
 13005 | Lair:1   | Entered Level 1 of the Lair of Beasts
 13019 | Lair:1   | Reached XP level 12. HP: 63/73 MP: 17/17
 13045 | Lair:1   | Reached skill level 11 in Axes
 13674 | Lair:1   | Noticed Joseph
 13686 | Lair:1   | Killed Joseph
 14066 | Lair:2   | Received a gift from Okawaru
 14132 | Lair:2   | Found a staircase to the Swamp.
 14245 | Lair:2   | Found a hole to the Spider Nest.
 14977 | Lair:3   | Noticed a seven-headed hydra
 14977 | Lair:3   | Noticed a death yak
 15002 | Lair:3   | Killed a seven-headed hydra
 15016 | Lair:3   | Killed a death yak
 15350 | Lair:3   | Reached skill level 1 in Maces & Flails
 15525 | Lair:3   | Noticed a four-headed hydra
 15538 | Lair:2   | Killed a four-headed hydra
 16181 | Lair:4   | Noticed Kirke
 16189 | Lair:4   | Reached XP level 13. HP: 67/79 MP: 19/19
 16195 | Lair:4   | Killed Kirke
 16196 | Lair:4   | Reached skill level 12 in Axes
 16336 | Lair:4   | Noticed Nessos
 16345 | Lair:4   | Killed Nessos
 16345 | Lair:4   | Received a gift from Okawaru
 16346 | Lair:4   | Reached skill level 10 in Shields
 16370 | Lair:4   | Identified a scroll of acquirement
 16370 | Lair:4   | Acquired 898 gold pieces
 16518 | Lair:4   | Found a frozen archway.
 16519 | Lair:4   | Noticed an ice dragon
 16577 | Lair:4   | Killed an ice dragon
 16586 | IceCv    | Entered an ice cave
 17653 | IceCv    | Noticed a white draconian
 17682 | IceCv    | Killed a white draconian
 17702 | IceCv    | Received a gift from Okawaru
 17711 | IceCv    | Gained mutation: Your large and strong wings let you fly.
                  | [Gargoyle growth]
 17711 | IceCv    | Reached XP level 14. HP: 59/86 MP: 21/21
 17841 | IceCv    | Identified the ring "Nocsitau" {rF+ rC++ Slay+4}
 17849 | IceCv    | Identified the +0 pearl dragon scales of the Lion {rN+
                  | Slay+3 Stlth+}
 18746 | Lair:5   | Reached skill level 13 in Axes
 18889 | Lair:4   | Reached skill level 10 in Invocations
 19922 | Lair:6   | Entered Level 6 of the Lair of Beasts
 20058 | Lair:6   | Identified the +8 battleaxe of Iconoclasm {vorpal, rF-
                  | Int+6} (Okawaru gifted it to you on level 6 of the Lair of
                  | Beasts)
 20058 | Lair:6   | Received a gift from Okawaru
 20837 | Lair:6   | Received a gift from Okawaru
 20849 | Lair:6   | Reached skill level 10 in Fighting
 20850 | Lair:6   | Identified the +1 ring mail of Midnight {rPois} (Okawaru
                  | gifted it to you on level 6 of the Lair of Beasts)
 20850 | Lair:6   | Received a gift from Okawaru
 21217 | Lair:6   | Identified the +1 chain mail of Mamnasaf {Int+4}
 21944 | Orc:1    | Entered Level 1 of the Orcish Mines
 22318 | Orc:2    | Entered Level 2 of the Orcish Mines
 22318 | Orc:2    | Found a staircase to the Elven Halls.
 22462 | Orc:1    | Reached XP level 15. HP: 89/92 MP: 23/23
 22467 | Orc:2    | Noticed an orc warlord
 22735 | Orc:1    | Killed an orc warlord
 23912 | Orc:2    | Found Ungi's Jewellery Boutique.
 23944 | Orc:2    | Paralysed by an orc sorcerer for 3 turns
 24147 | Orc:2    | Reached skill level 14 in Axes
 24650 | Orc:2    | Found Xyurghade's Jewellery Boutique.
 24672 | Orc:2    | Identified the +4 chain mail of Ornamental Creativity
                  | {Rampage} (Okawaru gifted it to you on level 2 of the
                  | Orcish Mines)
 24672 | Orc:2    | Received a gift from Okawaru
 24729 | Orc:2    | Found Cetuiref's Book Emporium.
 24757 | Orc:2    | Found Yput's Weapon Emporium.
 24787 | Orc:2    | Bought the ring of the Tortoise {AC+8} for 1408 gold pieces
 24787 | Orc:2    | Found the ring of the Tortoise {AC+8}
 25659 | D:11     | Found Rukkepial's Magic Scroll Emporium.
 25667 | D:11     | Bought a scroll of magic mapping for 52 gold pieces
 26804 | D:12     | Noticed Frances
 26961 | D:12     | Killed Frances
 27346 | D:12     | Reached skill level 10 in Evocations
 27750 | D:13     | Found a gate leading to a gauntlet.
 27761 | D:13     | Noticed Josephine
 27769 | Gauntlet | Entered a Gauntlet
 27769 | Gauntlet | Found a transporter.
 27963 | Gauntlet | Found a transporter.
 27966 | Gauntlet | Found a transporter.
 27995 | Gauntlet | Found a transporter.
 28004 | Gauntlet | Found a transporter.
 28007 | Gauntlet | Found a transporter.
 28008 | Gauntlet | Found a transporter.
 28016 | Gauntlet | Found a transporter.
 28019 | Gauntlet | Found a transporter.
 28020 | Gauntlet | Found a transporter.
 28028 | Gauntlet | Found a transporter.
 28031 | Gauntlet | Found a transporter.
 28032 | Gauntlet | Found a transporter.
 28040 | Gauntlet | Found a transporter.
 28344 | Gauntlet | Identified the +1 hand axe of Mourning {vorpal, rElec rPois
                  | Dex+2 Stlth+} (Okawaru gifted it to you in a Gauntlet)
 28344 | Gauntlet | Received a gift from Okawaru
 28441 | Gauntlet | Reached XP level 16. HP: 99/99 MP: 24/24
 28612 | Gauntlet | Identified the ring "Xefukeo" {*Slow rC+ Will+ Dex+8}
 28663 | Gauntlet | Identified the amulet "Hiutecol" {Acrobat rN+ Str+4 Int+3
                  | Stlth-}
 28716 | D:13     | Killed Josephine
 29255 | D:13     | Received a gift from Okawaru
 29726 | D:13     | Found a gate to the Vaults.
 30445 | D:14     | Reached skill level 15 in Axes
 31328 | D:15     | Entered Level 15 of the Dungeon
 31424 | D:15     | Found Orghowoqi's Book Shop.
 31612 | D:15     | Noticed Rupert
 31619 | D:15     | HP: 2/100 [Rupert/+3 battleaxe of flaming (5)]
 31620 | D:15     | Slain by Rupert

Illustrated notes

Levels and vault maps discovered:
D:1:      dpeg_cavernosity, layout_basic
D:2:      layout_loops_ring, serial_glass, glass_columns_b, glass_columns_a
D:3:      layout_basic, ebering_ecumenical_altar_webs
D:4:      layout_rooms, minivault_27
D:5:      layout_loops_ring, kennysheep_mini, old_standard_altar,
          nicolae_uskayaw_en_pointe, serial_shops, shop_coins, minivault_27
D:6:      layout_basic, gammafunk_ghost_hive, eino_tiny_chamber, uniq_maggie
D:7:      layout_cave_pools, kennysheep_ying_yang,
          minmay_temple_entry_overgrown, st_stairs_2, hangedman_decor_growths
D:8:      layout_loops_ring
D:9:      layout_loops_ring, gammafunk_temple_overflow_forgotten,
          chequers_serial_rivers_micro_e
D:10:     layout_loops_corners, due_lair_maze_entry_diamond, hiddenorc2_lemuel,
          grunt_decor_mini_mirrors, minmay_beelzebubs_servants, uniq_fannar
D:11:     layout_gridville, serial_shops, shop, minmay_fire_ice_demons
D:12:     layout_loops_ring, uniq_frances
D:13:     layout_basic, hangedman_vaults_entry_quadrant_bands,
          gauntlet_entry_generic, minmay_liquid_box, small_chamber_with_monster,
          uniq_josephine
D:14:     layout_loops_cross, minmay_misc_feat_ornament
D:15:     grunt_enter_depths_snipers, layout_long_grid, serial_park_tiny_2,
          serial_shops, nicolae_shop_crystal, uniq_rupert
Temple:   eino_narrow_crystal_temple
Lair:1:   layout_chaotic_city, uniq_joseph
Lair:2:   layout_cave_pods, minmay_swamp_entry_swarm,
          spider_nest_entry_web_field, lemuel_fruit_fields
Lair:3:   layout_hall_layers, st_stairs_9, minivault_25,
          kennysheep_catoblepas_arena
Lair:4:   layout_regular_city, portal_ice_cave_entry_animals_and_master,
          uniq_kirke, uniq_nessos
Lair:5:   layout_small_grid, minmay_slime_entry_oklob_enclosed
Lair:6:   grunt_lair_end_beastmaster, layout_regular_city,
          minmay_lair_oklob_chamber, grunt_megastairs_3
Orc:1:    layout_diamond_mine, guppyfry_library_mini
Orc:2:    st_orc_elflike, layout_diamond_mine, basic_altar

Skill      XL: |  1  2  3  4  5  6  7  8  9 10 11 12 13 14 15 16 |
---------------+-------------------------------------------------+-----
Axes           | 2 3 4 5 6 8 9 10 11 12 13 14 15 | 15.2
Fighting       | 4 5 7 8 9 10 11 | 11.3
Armour         | 4 5 6 7 8 9 |  9.9
Shields        | 4 5 6 7 8 9 10 11 13 | 13.4
Dodging        | 1 |  1.4
Invocations    | 2 4 5 7 8 9 10 11 12 | 12.4
Evocations     | 2 3 4 6 7 8 9 10 | 10.6
Maces & Flails | 2 |  2.5
Stealth        | |  0.7

Action                   |  1- 3 |  4- 6 |  7- 9 | 10-12 | 13-15 | 16-18 || total
-------------------------+-------+-------+-------+-------+-------+-------++-------
Melee: War axe           |   119 |   167 |   239 |    42 |       |       ||   567
       Broad axe         |       |       |       |   461 |   914 |   199 ||  1574
       Mace              |       |       |       |    21 |    58 |       ||    79
Invok: Heroism           |       |       |       |     2 |     2 |     2 ||     6
  Use: Scroll            |       |     7 |     5 |     3 |     3 |     1 ||    19
       Potion            |       |       |     1 |    10 |     5 |     2 ||    18
 Stab: Distracted        |       |       |       |     1 |     7 |     5 ||    13
Armor: Scale mail        |    18 |       |       |       |       |       ||    18
       Chain mail        |    73 |   144 |   105 |       |       |       ||   322
       Acid dragon scale |       |       |    67 |    79 |       |       ||   146
       Plate armour      |       |       |       |   203 |   188 |       ||   391
       Skin              |       |       |       |     2 |       |       ||     2
       Pearl dragon scal |       |       |       |       |   319 |   112 ||   431
Dodge: Dodged            |    41 |    40 |    84 |   166 |   262 |    48 ||   641
Block: Kite shield       |    54 |    81 |   187 |   427 |  1026 |   208 ||  1983
       Reflection        |       |       |       |       |    24 |    14 ||    38

Table legend: (Time is in decaauts)
 A = Elapsed time spent in this place.
 B = Non-inter-level travel time spent in this place.
 C = Inter-level travel time spent in this place.
 D = Time resting spent in this place.
 E = Time spent auto-exploring this place.
 F = Levels seen in this place.
 G = Mean time per level.
                   A        B        C        D        E       F      G
               +--------+--------+--------+--------+--------+-----+--------+
         Total |  32004 |  31904 |    100 |   8963 |  15600 |  26 | 1230.9 |
       Dungeon |  18955 |  18867 |     88 |   5288 |   9740 |  15 | 1263.7 |
        Temple |    202 |    190 |     12 |      0 |    169 |   1 |  202.0 |
          Lair |   7332 |   7332 |      0 |   1227 |   4363 |   6 | 1222.0 |
  Orcish Mines |   3027 |   3027 |      0 |   1370 |    774 |   2 | 1513.5 |
      Ice Cave |   1555 |   1555 |      0 |    609 |    500 |   1 | 1555.0 |
      Gauntlet |    930 |    930 |      0 |    469 |     53 |   1 |  930.0 |
               +--------+--------+--------+--------+--------+-----+--------+

Top non-repeatable levels by time:
    D:10: 2568 daAuts
   Orc:1: 1956 daAuts
    D:13: 1774 daAuts
    D:12: 1706 daAuts
  Lair:6: 1684 daAuts
     D:2: 1579 daAuts
   IceCv: 1555 daAuts
     D:1: 1504 daAuts
     D:9: 1347 daAuts
  Lair:2: 1292 daAuts
  Lair:4: 1254 daAuts
     D:6: 1205 daAuts
     D:5: 1184 daAuts
  Lair:5: 1136 daAuts
   Orc:2: 1070 daAuts
